AoeStats
← Sid

Arabia

506105731Analyzed
2v2 RM · 20d ago on Sep 12, 2026· 54m 43s· 4 players
Game mode
Random Map
Map size
Medium (4 player)
Population
200
Speed
Normal
Resources
Standard
Victory
Conquest
Starting age
Dark Age
Ending age
Imperial Age
RankedLock teamsTeams togetherTeam positionsShared explorationLock speedFull tech treeHidden civsTurbo modeCheats
Victory
Defeat
🇫🇷 Georgians · France
1246
+18
🇫🇷 Ethiopians · France
1223
+19
🇯🇵 Vietnamese · Japan
1301
-19
🇯🇵 Magyars · Japan
1278
-18
Clement9083
6:47 Loom
9:04 Feudal Age
10:25 Double-Bit Axe
13:38 Town Watch
22:43 Castle Age
21:16 Scale Barding Armor
22:39 Wheelbarrow
22:26 Bloodlines
22:53 Forging
23:01 Light Cavalry
24:44 Chain Barding Armor
25:03 Horse Collar
27:58 Iron Casting
28:35 Husbandry
33:46 Hand Cart
33:50 Fletching
36:27 Town Patrol
46:23 Imperial Age
46:48 Ballistics
47:31 Bodkin Arrow
47:01 Elite Monaspa
48:23 Plate Barding Armor
49:17 Svan Towers
53:16 Guard Tower
53:32 Siege Engineers
55:09 Keep
jo8313
6:44 Loom
8:58 Feudal Age
15:06 Fletching
15:53 Padded Archer Armor
18:11 Gold Mining
22:54 Castle Age
20:48 Horse Collar
21:24 Double-Bit Axe
23:02 Crossbowman
23:39 Bodkin Arrow
24:09 Leather Archer Armor
24:31 Bow Saw
25:40 Town Watch
28:41 Ballistics
34:44 Wheelbarrow
38:05 Thumb Ring
43:37 Imperial Age
43:58 Heavy Plow
44:04 Stone Mining
44:34 Bracer
46:07 Chemistry
45:07 Arbalester
49:42 Ring Archer Armor
50:29 Conscription
52:34 Elite Shotel Warrior
53:15 Murder Holes
56:08 Two-Man Saw
55:48 Gold Shaft Mining
55:48 Stone Shaft Mining
Sid
6:36 Loom
8:55 Feudal Age
9:56 Double-Bit Axe
13:01 Horse Collar
16:23 Wheelbarrow
22:13 Castle Age
20:09 Gold Mining
21:40 Scale Barding Armor
21:48 Bloodlines
24:14 Husbandry
25:22 Chain Barding Armor
24:59 Light Cavalry
26:24 Stone Mining
29:57 Heavy Plow
35:46 Bow Saw
36:52 Town Watch
38:55 Gold Shaft Mining
42:22 Pikeman
46:01 Imperial Age
43:28 Fletching
44:04 Corvinian Army
45:01 Bodkin Arrow
45:07 Scale Mail Armor
45:08 Padded Archer Armor
46:48 Chain Mail Armor
46:04 Cavalier
48:15 Conscription
52:39 Hoardings
52:44 Crop Rotation
fumin
6:35 Loom
9:21 Feudal Age
10:16 Double-Bit Axe
16:24 Fletching
23:38 Castle Age
23:44 Crossbowman
24:25 Padded Archer Armor
24:26 Bodkin Arrow
26:17 Bow Saw
25:54 Horse Collar
26:05 Gold Mining
27:29 Leather Archer Armor
32:53 Heavy Plow
36:05 Thumb Ring
37:12 Wheelbarrow
44:33 Imperial Age
42:19 Hand Cart
45:37 Bracer
44:59 Arbalester
45:50 Elite Skirmisher
47:08 Ring Archer Armor
46:57 Imperial Skirmisher
48:08 Ring Archer Armor
49:40 Town Watch
50:57 Two-Man Saw
50:27 Crop Rotation
49:49 Stone Mining
Connection lost

Rejoining the realm…

Still unreachable

The connection could not be restored.

Session expired

The server has moved on; the page needs a fresh start.